 Dungeon Crawl Stone Soup version 0.28.0-53-g5a82cb258f (webtiles) character file.

Game seed: 16995343603248815519

38 Descartes the Grasshopper (level 3, -1/27 HPs)
             Began as a Formicid Warper on May 22, 2022.
             Slain by an adder (3 damage)
             ... on level 2 of the Dungeon.
             The game lasted 00:01:37 (1845 turns).

Descartes the Grasshopper (Formicid Warper)         Turns: 1845, Time: 00:01:38

Health: -1/27      AC:  5    Str: 17    XL:     3   Next: 65%
Magic:  6/6        EV: 11    Int: 12    God:
Gold:   43         SH:  0    Dex: 10    Spells: 6/6 levels left

rFire   x . .      SeeInvis +   a - +0 hand axe
rCold   + . .      Faith    .   (no shield)
rNeg    . . .      Spirit   .   j - +0 ring mail
rPois   .          Reflect  .   (helmet unavailable)
rElec   .          Harm     .   (no cloak)
rCorr   .          Rampage  .   (no gloves)
Will    .....                   (no boots)
Stlth   ..........              (no amulet)
HPRegen 0.09/turn               e - ring of ice
MPRegen 0.10/turn               (no ring)

@: lethally poisoned (-1 -> -5)
A: permanent stasis, dig shafts and tunnels, antennae 3, four strong arms
a: Dig, Shaft Self


You were on level 2 of the Dungeon.
You visited 1 branch of the dungeon, and saw 2 of its levels.

You collected 43 gold pieces.

Inventory:

Hand Weapons
 a - a +0 hand axe (weapon)
Missiles
 c - 5 boomerangs of dispersal (quivered)
 f - 45 stones
 i - 3 poisoned darts
 l - 25 sling bullets
Armour
 b - a +0 leather armour
 j - a +0 ring mail (worn)
Jewellery
 e - a ring of ice (left hand)
Scrolls
 h - a scroll of fog {unknown}
 k - a scroll of teleportation {unknown}
Potions
 d - a potion of experience {unknown}
 g - 2 potions of curing {unknown}
 m - 2 potions of cancellation {unknown}
 n - a potion of flight {unknown}


   Skills:
 - Level 2.1 Fighting
 + Level 2.5 Axes
 - Level 1.0 Throwing
 + Level 2.0 Armour
 - Level 1.7 Dodging
 + Level 1.5 Shields
 - Level 2.1 Spellcasting
 + Level 3.1 Translocations


You had 6 spell levels left.
You didn't know any spells.
Your spell library contained the following spells:

 Spells                   Type           Power      Damage    Failure   Level
 Gell's Gravitas          Tloc           8%         N/A       38%         3
 Lesser Beckoning         Tloc           8%         N/A       38%         3
 Teleport Other           Tloc           8%         N/A       38%         3
 Manifold Assault         Tloc           8%         N/A       98%         5
 Blink                    Tloc           Unusable   N/A       N/A         2

Dungeon Overview and Level Annotations

Branches:
Dungeon (2/15)

Altars:


Innate Abilities, Weirdness & Mutations

You cannot be hasted, slowed, berserked, paralysed or teleported.
You can dig through walls and to a lower floor.
You have a pair of large antennae on your head. (SInv)
Your four strong arms can wield two-handed weapons with a shield.


Message History

The ball python grabs you. The ball python constricts you.
You hit the ball python.
You kill the ball python!
You closely miss the adder.
You feel sick. The adder bites you but does no damage. The adder bites you.
You hit the adder but do no damage.
You feel sick. The adder bites you but does no damage.
You closely miss the adder.
You feel sick. The adder bites you but does no damage.
The adder closely misses you.
You barely miss the adder.
You feel sick. The adder barely misses you.
You miss the adder.
You feel sick.
You are no longer poisoned.
The adder bites you. The adder closely misses you.
You are too injured to fight recklessly!
You are too injured to fight recklessly!
You are too injured to fight recklessly!
You are too injured to fight recklessly!
You are too injured to fight recklessly!
You are too injured to fight recklessly!
You are too injured to fight recklessly!
You are too injured to fight recklessly!
You are too injured to fight recklessly!
Unknown command.
You closely miss the adder. The adder bites you but does no damage.
The adder misses you.
You closely miss the adder. The adder bites you but does no damage.
You miss the adder.
The adder bites you but does no damage. x2
You closely miss the adder. The adder closely misses you.
You barely miss the adder. The adder bites you.
* * * LOW HITPOINT WARNING * * *
The adder closely misses you.
You closely miss the adder. The adder bites you.
* * * LOW HITPOINT WARNING * * *
You are lethally poisoned!
The adder poisons you!
Unknown command.
You barely miss the adder.
* * * LOW HITPOINT WARNING * * *
You feel sick. The adder bites you.
You die...

........#.####.#
........#......######
........###...........
..................>...
.........##...........
.........##...........
.........##...........
##.#####.##...........
.. #@##.........[. #
#S##..........
......††...########
...........#
...........#
...........#
...........#
...........#
...........#


You could see an adder.

Vanquished Creatures
  A gnoll (D:1)
  6 ball pythons
  A bat (D:1)
  3 endoplasms (D:1)
  3 giant cockroaches (D:1)
  2 goblins (D:1)
  2 hobgoblins
  4 kobolds (D:1)
  A quokka (D:1)
  A rat (D:1)
24 creatures vanquished.

Notes
Turn   | Place    | Note
-------+----------+-------------------------------------------
     0 | D:1      | Descartes the Formicid Warper began the quest for the Orb.
     0 | D:1      | Reached XP level 1. HP: 16/16 MP: 3/3
   194 | D:1      | Reached XP level 2. HP: 12/22 MP: 5/5
   828 | D:1      | Reached skill level 1 in Shields
  1060 | D:1      | Reached skill level 3 in Translocations
  1060 | D:1      | Reached XP level 3. HP: 10/27 MP: 6/6
  1845 | D:2      | Slain by an adder

Illustrated notes

Levels and vault maps discovered:
D:1:      tarquinn_simple_flora_water_b, layout_basic
D:2:      layout_basic, basic_altar, serial_shops,
          nicolae_shop_temple_entry_statues_fountains, shop, uniq_natasha

Skill      XL: |  1  2  3 |
---------------+----------+-----
Shields        | 1 |  1.5
Translocations | 3 |  3.1
Armour         | 2 |  2.0
Fighting       | |  2.1
Axes           | |  2.5
Throwing       | |  1.0
Dodging        | |  1.7
Spellcasting   | |  2.1

Action                   || total
-------------------------++-------
Melee: Hand axe          ||   107
       Punch             ||     2
Armor: Leather armour    ||    27
       Ring mail         ||    15
Dodge: Dodged            ||    69
